Unix NetHack Version 5.0.0-0 post-release - last build May  4 2026 22:22:43 (774f63e81ad911689b3a0859ea89b322d5daca8d,branch:main).

Game began 2026-05-06 13:26:14, ended 2026-05-06 17:19:16.

Barrb, neutral female human Barbarian

                                                           ---
                                                          --.--
                                                          |...--
                                                          |....|  ---.-
                                                        ---....---..`.|
                                                        #...........---
                                                     ----.............--
                                                     |....!..%..`.`....|
                                                     |....`)...>..(....-
                                          |    -------....|....|...........-
                                          |. ---..|.|.o------.---.....| .---
                                           -..........--    ..|  --.--- --
                                           --...Y@T..--     ---    --
                                            ---...----
                                              |..--
                                              ----
Barrb the Bandit           St:18/01 Dx:16 Co:17 In:7 Wi:9 Ch:7  Neutral
Dlvl:9  $:363 HP:0(93) Pw:19(19) AC:-2 Xp:9 T:9321  Burdened

Latest messages:
 You fall down the stairs.
 You try to feel what is lying here on the floor.
 You feel here a dagger.
 You try to feel what is lying here on the floor.
 You feel here a dagger.
 You fall down the stairs.
 The lizard bites!
 You smite the lizard.
 You kill the lizard!
 You try to feel what is lying here on the floor.
 You feel here a lizard corpse.
 An ape suddenly appears!
 You kill the rock piercer!
 You try to feel what is lying here on the floor.
 You feel here a rock piercer corpse.
 There is a rock piercer corpse here; eat it? [ynq] (n) y
 This rock piercer corpse is stringy.
 You finish eating the rock piercer corpse.
 You try to feel what is lying here on the floor.
 There are many objects here.
 You can see again.
 You fall down the stairs.
 There is a staircase up to level 8 here.
 You see here a dwarvish spear.
 The rock troll throws a dagger!
 You are hit by a dagger.
 The rock troll wields 7 daggers!
 You smite the rock troll!
 You miss the rock troll.
 The rock troll thrusts one of her daggers.
 The rock troll hits!
 The rock troll hits!
 The rock troll bites!
 You miss the rock troll.
 The rock troll thrusts one of her daggers.
 The rock troll hits!
 The rock troll hits!
 The rock troll bites!
 You smite the rock troll!
 The rock troll thrusts one of her daggers.
 The rock troll hits!
 The rock troll misses!
 The rock troll bites!
 Are you sure you want to pray? [yn] (n) y
 You begin praying to Crom.
 The rock troll thrusts one of her daggers.
 The rock troll hits!
 The rock troll hits!
 You die...
 Do you want your possessions identified? [ynq] (y) q

Inventory:
 Coins    ('$')
  $ - 363 gold pieces
 Weapons  (')')
  A - 8 blessed +1 darts
  g - 20 +0 darts (at the ready)
  T - a +0 silver dagger
  b - a +0 axe (alternate weapon; not wielded)
  G - the blessed rustproof +0 Cleaver (weapon in hands)
 Armor    ('[')
  B - an uncursed +0 dwarvish iron helm (being worn)
  s - an uncursed +0 pair of iron shoes (being worn)
  w - an uncursed +0 cloak of protection (being worn)
  F - an uncursed +0 elven mithril-coat (being worn)
 Comestibles  ('%')
  R - an uncursed slime mold
  S - 2 uncursed K-rations
  E - a cursed sprig of wolfsbane
  N - 2 uncursed tripe rations
  M - an uncursed lizard corpse
 Scrolls  ('?')
  W - 6 uncursed scrolls of blank paper
  L - an uncursed scroll of create monster
  X - an uncursed scroll of destroy armor
  n - a blessed scroll of enchant weapon
  k - 2 uncursed scrolls of identify
  D - an uncursed scroll of teleportation
 Potions  ('!')
  i - an uncursed potion of healing
  a - an uncursed potion of monster detection
  u - 2 blessed potions of object detection
  e - 5 potions of holy water
 Rings    ('=')
  d - an uncursed ring of shock resistance (on right hand)
 Wands    ('/')
  y - a wand of digging (0:6)
  Q - a wand of digging (0:6)
  Y - a wand of digging (0:6)
  o - a wand of fire (0:7)
  p - a wand of opening (0:2)
  H - a wand of speed monster (0:5)
  I - a wand of striking (0:0)
  v - a wand of teleportation (0:4)
 Tools    ('(')
  K - a bag of tricks (0:13)
  h - an uncursed magic whistle
  j - an uncursed oil lamp
  m - a +0 pick-axe
  O - a +0 unicorn horn

Barrb the Barbarian's attributes:

Background:
 You were a Bandit, a level 9 female human Barbarian.
 You were neutral, on a mission for Crom
 who was opposed by Mitra (lawful) and Set (chaotic).
 You were right-handed.
 You were in the Gnomish Mines, on level 9.
 You entered the dungeon 9321 turns ago.
 You had 4763 experience points, 357 more were needed to attain level 10.

Basics:
 You had 0 out of 93 hit points.
 You had all 19 energy points (spell power).
 Your armor class was -2.
 Your wallet contained 363 zorkmids.
 Autopickup was off.

Final Characteristics:
 Your strength was 18/01 (peak:18/02, limit:18/100).
 Your dexterity was 16 (peak:17, limit:18).
 Your constitution was 17 (limit:18).
 Your intelligence was 7 (limit:18).
 Your wisdom was 9 (limit:18).
 Your charisma was 7 (limit:18).

Final Status:
 You weren't hungry.
 You were burdened; movement was slightly slowed.
 You were wielding an axe.
 You were skilled in axe.

Final Attributes:
 You were piously aligned.
 You were cold resistant.
 You were shock resistant.
 Your items were protected from electric shocks.
 You were poison resistant.
 You were telepathic.
 You were protected.
 You were fast.
 You were unlucky.
 You are dead.

Miscellaneous:
 You encountered 2 bones levels.
 Total elapsed playing time was 3 hours, 12 minutes and 26 seconds.

Major events:
 Turn
    1: Barrb the neutral female human Barbarian entered the dungeon
  595: entered the Gnomish Mines
  740: attained the rank of Pillager (level 3)
 1465: attained the rank of Bandit (level 6)
 4164: reached Mine Town
 6308: was bestowed with Cleaver by Crom
 9321: killed by a rock troll, while praying

You didn't know any spells.

Skills:
 Fighting Skills
   bare handed combat [Basic]
   two weapon combat  [Unskilled]
   riding             [Unskilled]
 Weapon Skills
   dagger             [Unskilled]
   axe                [Skilled]
   pick-axe           [Unskilled]
   short sword        [Unskilled]
   broadsword         [Unskilled]
   long sword         [Unskilled]
   two-handed sword   [Expert]
   saber              [Unskilled]
   club               [Unskilled]
   mace               [Unskilled]
   morning star       [Unskilled]
   flail              [Unskilled]
   hammer             [Unskilled]
   quarterstaff       [Unskilled]
   spear              [Unskilled]
   trident            [Unskilled]
   bow                [Unskilled]
 Spellcasting Skills
   attack spells      [Unskilled]
   escape spells      [Unskilled]

Voluntary challenges:
 Character rerolling was not enabled.
 You never genocided any monsters.
 You never polymorphed an object.
 You never changed form.
 You used no wishes.
Achievements:
 You entered the Gnomish Mines.
 You entered a shop.
 You attained the rank of Pillager.
 You attained the rank of Bandit.
 You entered Minetown.

 The Dungeons of Doom: levels 1 to 5
    Level 1:
       A fountain.
    Level 2:
       A fountain.
       Stairs down to The Gnomish Mines.
    Level 3:
       A weapon shop.
    Level 4:
       A ring shop, a sink.
       Final resting place for
          AuraMoom-Bar-Orc-Mal-Cha, poisoned by a rotted white unicorn corpse,
          boonks-Tou-Hum-Mal-Neu, killed by a fox.
    Level 5:
       A sink.
 The Gnomish Mines: levels 3 to 9
    Level 3:
    Level 4:
    Level 5:
       An altar to Crom, some fountains.
    Level 6:
    Level 7:
    Level 8:
    Level 9: <- You were here.
       A grave.
       Final resting place for
          you, killed by a rock troll, while praying,
          amosd-Wiz-Elf-Fem-Cha, killed by a rock troll.


Vanquished creatures:
  2 ghosts
  a giant mimic
  a rock troll
  a warg
  a winter wolf
  a gargoyle
  a stone giant
  a human mummy
  4 Grey-elves
  4 giant beetles
  3 quivering blobs
  5 wolves
  a lynx
  6 orc-captains
 an iron piercer
  a giant spider
  a dwarf mummy
 an ogre
  a yeti
  a werewolf
  2 lizards
  a chickatrice
  2 jaguars
  a dwarf leader
  a blue jelly
  a black unicorn
  2 dust vortices
  a raven
  a snake
  a rope golem
  2 bugbears
  a wood nymph
  3 water nymphs
  a mountain nymph
  3 Mordor orcs
  8 Uruk-hai
  6 orc shamans
  3 rock piercers
  a rock mole
  2 yellow lights
  a shrieker
  9 gnome leaders
  2 kobold mummies
  a ghoul
  3 paper golems
  4 giant ants
  a little dog
  2 floating eyes
  a kitten
  9 dwarves
  2 homunculi
  a kobold shaman
 32 hill orcs
  4 rothes
  a rabid rat
  a centipede
  a giant bat
  5 orc zombies
  a wererat
  3 werejackals
  3 iguanas
  3 killer bees
 an acid blob
  4 coyotes
  3 hobbits
 15 manes
  2 large kobolds
  a hobgoblin
 an orc
  3 giant rats
  3 cave spiders
  a yellow mold
 41 gnomes
  3 gnome zombies
  3 geckos
 14 jackals
  6 goblins
  4 sewer rats
  4 grid bugs
  4 lichens
  2 kobold zombies
  5 newts
291 creatures vanquished.

No species were genocided or became extinct.

Game over:
                       ----------
                      /          \
                     /    REST    \
                    /      IN      \
                   /     PEACE      \
                  /                  \
                  |      Barrb       |
                  |      363 Au      |
                  | killed by a rock |
                  |      troll       |
                  |                  |
                  |                  |
                  |       2026       |
                 *|     *  *  *      | *
        _________)/\\_//(\/(/\)/\//\/|_)_______

Goodbye Barrb the Barbarian...

You died in The Gnomish Mines on dungeon level 9 with 19889 points,
and 363 pieces of gold, after 9321 moves.
You were level 9 with a maximum of 93 hit points when you died.

